 Dungeon Crawl Stone Soup version 0.24.0-1-gfbc8707 (webtiles) character file.

Game seed: 2388156854061349594, levelgen mode: deterministic

67 Buxparty the Magician (level 4, 0/33 HPs)
             Began as a Mummy Wanderer on Jan 6, 2020.
             Slain by a worm (4 damage)
             ... on level 2 of the Dungeon.
             The game lasted 00:05:50 (2060 turns).

Buxparty the Magician (Mummy Wanderer)              Turns: 2060, Time: 00:05:51

Health: 0/33       AC:  9    Str: 19    XL:     4   Next: 0%
Magic:  7/7        EV:  9    Int: 10    God:
Gold:   80         SH:  0    Dex:  9    Spells: 6/7 levels left

rFire    x . .     SeeInvis .   a - +0 club
rCold    + . .     Gourm    .   (no shield)
rNeg     + + +     Faith    .   d - +2 scale mail
rPois    ∞         Spirit   .   (no helmet)
rElec    .         Reflect  .   j - +0 cloak
rCorr    .         Harm     .   (no gloves)
MR       .....                  (no boots)
Stlth    ..........             (no amulet)
HPRegen  0.11/turn              (no ring)
MPRegen  0.10/turn              (no ring)

@: no status effects
A: no food or potions, fire vulnerability, cold resistance 1, negative energy
resistance 3, torment resistance, unbreathing
a: no special abilities


You were on level 2 of the Dungeon.
You were not hungry.

You visited 1 branch of the dungeon, and saw 2 of its levels.

You collected 80 gold pieces.

Inventory:

Hand Weapons
 a - a +0 club (weapon)
Armour
 d - a +2 scale mail (worn)
 i - a +2 buckler
 j - a +0 cloak (worn)
Jewellery
 f - a cursed -4 ring of dexterity {unknown}
Scrolls
 b - a scroll of random uselessness {unknown}
 c - a scroll of amnesia {unknown}
 e - a scroll of remove curse {unknown}
 g - a scroll of identify {unknown}
 h - a scroll of magic mapping {unknown}
 k - a scroll of enchant weapon {unknown}


   Skills:
 - Level 2.0 Fighting
 + Level 1.5 Maces & Flails
   Level 1.5 Crossbows
 + Level 2.0 Armour
 - Level 1.5 Shields
 + Level 2.3 Spellcasting
 - Level 1.5 Air Magic
   Level 1.0 Earth Magic


You had 6 spell levels left.
You knew the following spells:

 Your Spells              Type           Power        Failure   Level  Hunger
a - Shock                 Conj/Air       #...         54%         1    N/A

Your spell library contained the following spells:

 Spells                   Type           Power        Failure   Level  Hunger
 Summon Small Mammal      Summ           #...         65%         1    N/A
 Mephitic Cloud           Conj/Pois/Air  #.......     91%         3    N/A
 Summon Guardian Golem    Hex/Summ       #.......     95%         3    N/A

Dungeon Overview and Level Annotations

Branches:
Dungeon (2/15)

Altars:
The Shining One


Innate Abilities, Weirdness & Mutations

You do not eat or drink.
Your flesh is vulnerable to fire.
You are immune to poison.
Your flesh is cold resistant. (rC+)
You are immune to negative energy. (rN+++)
You are immune to unholy pain and torment.
You can survive without breathing.


Message History

* * * LOW HITPOINT WARNING * * *
You barely miss the worm.
The worm is heavily wounded.
The worm barely misses you.
You hit the worm.
The worm is severely wounded.
The worm bites you but does no damage.
Your scale mail prevents you from hitting the worm.
The worm is severely wounded.
The worm barely misses you.
You hit the worm.
The worm is severely wounded.
You hit the worm.
The worm is severely wounded.
The worm bites you.
* * * LOW HITPOINT WARNING * * *
You hit the worm.
The worm is almost dead.
The worm bites you.
You die...

##....#####.#######.#
#...................#
#.###.###############
#.# #.# #.# #.# #.#
#.# #.# #.# ## # #.#
#.##########...# #
#.###.......=@wr...#
#
#.....##########.....
# #####.# ... # #...
. ##.### #####
#...... #......
#...### ##. # #.


You could see a worm and a rat.

Vanquished Creatures
  An adder (D:2)
  An ooze (D:1)
  A worm (D:2)
  2 dart slugs
  2 leopard geckos (D:1)
  3 bats (D:1)
  10 giant cockroaches
  2 hobgoblins (D:1)
  5 frilled lizards (D:1)
  6 goblins
  4 kobolds
  8 rats
45 creatures vanquished.

Notes
Turn   | Place    | Note
-------+----------+-------------------------------------------
     0 | D:1      | Buxparty the Mummy Wanderer began the quest for the Orb.
     0 | D:1      | Buxparty set off with the following items: a +0 club, a +2
                  | scale mail; and the following spells available to memorise:
                  | Shock, Summon Small Mammal, Mephitic Cloud, Summon Guardian
                  | Golem
     0 | D:1      | Reached XP level 1. HP: 16/16 MP: 1/1
    99 | D:1      | Learned a level 1 spell: Shock
   322 | D:1      | Reached skill level 1 in Spellcasting
   340 | D:1      | Reached XP level 2. HP: 22/22 MP: 3/3
   415 | D:1      | Reached skill level 1 in Maces & Flails
   768 | D:1      | Reached XP level 3. HP: 24/27 MP: 0/5
  1570 | D:2      | Found a glowing golden altar of the Shining One.
  1956 | D:2      | Reached XP level 4. HP: 32/33 MP: 7/7
  2060 | D:2      | Slain by a worm

Levels and vault maps discovered:
D:1:      roderic_crop_circles_arrival_small, layout_loops_ring,
          grunt_decor_mini_mirrors
D:2:      minmay_roachtagon, layout_loops_ring, nicolae_overflow_hidden_temple,
          uniq_robin

Skill      XL: |  1  2  3 |
---------------+----------+-----
Spellcasting   | 1 2 |  2.3
Maces & Flails | 1 |  1.5
Armour         | 2 |  2.0
Fighting       | |  2.0
Crossbows      | |  1.5
Shields        | |  1.5
Air Magic      | |  1.5
Earth Magic    | |  1.0

Action                   |  1- 3 |  4- 6 || total
-------------------------+-------+-------++-------
Melee: Club              |   217 |    37 ||   254
 Cast: Shock             |    16 |       ||    16
Armor: Scale mail        |   133 |     8 ||   141
Dodge: Dodged            |   146 |    11 ||   157
